 Dungeon Crawl Stone Soup version 0.29.1-15-g9cfb28693d (webtiles) character file.

Game seed: 16897547220334850161

2 croobank the Sneak (level 1, -5/16 HPs)
             Began as an Octopode Delver on Mar 5, 2023.
             Slain by an orc
             ... wielding a +0 whip
              (6 damage)
             ... on level 5 of the Dungeon.
             The game lasted 00:01:48 (257 turns).

croobank the Sneak (Octopode Delver)                 Turns: 257, Time: 00:01:49

Health: -5/16      AC:  1    Str: 11    XL:     1   Next: 40%
Magic:  1/1        EV: 13    Int: 12    God:
Gold:   9          SH:  0    Dex: 13    Spells: 0/0 levels left

rFire   . . .      SeeInvis .   a - +0 hand axe
rCold   . . .      Faith    .   (no shield)
rNeg    . . .      Spirit   .   (helmet restricted)
rPois   .          Reflect  .   (no amulet)
rElec   .          Harm     .   (no ring)
rCorr   .          Rampage  .   (no ring)
Will    .....                   (no ring)
Stlth   ++++......              (no ring)
HPRegen 0.05/turn               (no ring)
MPRegen 0.07/turn               (no ring)
                                (no ring)
                                (no ring)

@: no status effects
A: almost no armour, amphibious, 8 rings, camouflage 1, gelatinous body 1,
(nimble swimmer 1), tentacles
a: no special abilities


You were on level 5 of the Dungeon.
You visited 1 branch of the dungeon, and saw 2 of its levels.

You collected 9 gold pieces.

Inventory:

Hand Weapons
 a - a +0 hand axe (weapon)
Wands
 f - a wand of digging (3)
Scrolls
 b - a scroll of fog
 g - a scroll of poison {unknown}
 h - a scroll of teleportation {unknown}
Potions
 c - a potion of attraction {unknown}
 e - a potion of haste
 i - a potion of cancellation {unknown}


   Skills:
 + Level 3.0 Fighting
 + Level 2.0 Axes
 + Level 2.0 Dodging
 + Level 6.6 Stealth


You couldn't memorise any spells.
You didn't know any spells.
Your spell library was empty.

Dungeon Overview and Level Annotations

Branches:
Dungeon (6/15)             Temple (0/1) D:5

Altars:


Innate Abilities, Weirdness & Mutations

You cannot wear most types of armour.
You are amphibious.
You can wear up to eight rings at the same time.
Your skin changes colour to match your surroundings (Stealth+).
Your rubbery body absorbs attacks. (AC +1, EV +1)
((You are camouflaged when in or above water. (Stealth+)))
You have tentacles for arms and can constrict up to eight enemies at once.


Message History

You kill the dart slug!
You start resting.
HP restored.
As you read the scroll of magic mapping, it crumbles to dust.
You feel aware of your surroundings.
Unknown command.
A gnoll comes into view. It is wielding a +0 halberd.
Found a purple potion.
Found a sedimented brown potion.
An orc priest comes into view.
It is wielding a +2 short sword of electrocution.
The orc priest shouts!
You hear a shout! x3
An orc wizard and an orc come into view.
The orc throws a boomerang.
The boomerang hits you.
The orc priest mumbles some strange prayers to Beogh against you.
Pain shoots through your body!
An orc priest comes into view. It is wielding a +0 mace.
An orc comes into view. It is wielding a +0 club.
The orc priest calls down the wrath of Beogh upon you.
Pain shoots through your body!
Ouch! That really hurt!
* * * LOW HITPOINT WARNING * * *
You see here a purple potion.
As you read the scroll of fear, it crumbles to dust.
You assume a fearsome visage.
The orc wizard looks frightened!
The orc looks frightened!
The orc priest looks frightened! x2
The orc priest shouts!
The orc looks frightened!
The hound looks frightened!
The hound barks!
You hear a shout!
The orc wizard casts a spell.
The orc wizard flickers and vanishes!
Deactivating autopickup; reactivate with Ctrl-A.
Found 2 stones.
The orc howls in fear.
An orc comes into view.
It is wielding a +1 hand axe of electrocution.
You see here a sedimented brown potion.
c - a sedimented brown potion Cornered, the orc turns to fight!
The orc throws a boomerang.
The boomerang misses you. The orc hits you with a +0 whip.
You die...

## ############. ##..##...#....
##...##........ ###
##...###........
###.###............... ***
###....##...#...........
**,*##.....o....##.........##
****,.*#.......@.######.....>...
**,**,...#.............####..#...
*,,,,,..............#.......##...
,,,<*,*.##.........##,,..h.......
*,,**,*,#..........#**,,....#....
****,,#..........o..#,,,...,##...
,,**,,................,,.,.......
**,,,,..#.#.......#.##.,,,#.#.#..
**,***.,#.(.......#...,**,#,#.#..


You could see 2 orcs.

Vanquished Creatures
  A dart slug (D:5)
1 creature vanquished.

Notes
Turn   | Place    | Note
-------+----------+-------------------------------------------
     0 | D:5      | croobank the Octopode Delver began the quest for the Orb.
     0 | D:5      | Reached XP level 1. HP: 16/16 MP: 1/1
    15 | D:6      | Noticed a black bear
    23 | D:6      | Noticed a hound
    51 | D:6      | Noticed a necrophage
    89 | D:5      | Noticed a hound
   102 | D:5      | Noticed a necrophage
   247 | D:5      | Noticed an orc priest
   248 | D:5      | Noticed an orc wizard
   249 | D:5      | Noticed an orc priest
   257 | D:5      | Slain by an orc

Illustrated notes

Levels and vault maps discovered:
D:5:      layout_cave_pools, minmay_temple_entry_ruins
D:6:      layout_rooms, nicolae_kikubaaqudgha_miasma_corner,
          kennysheep_generic_room_9

Action                   || total
-------------------------++-------
Melee: Hand axe          ||     2
       Constrict         ||     1
       Tentacles         ||     1
  Use: Scroll            ||     2
Dodge: Dodged            ||     4
